 Dungeon Crawl Stone Soup version 0.21-a0-49-g7bf2ba4 (webtiles) character file.

83 graymark the Covered (level 4, 0/32 HPs)
             Began as a Demonspawn Wanderer on June 10, 2017.
             Slain by Sigmund
             ... wielding a +0 scythe
              (13 damage)
             ... on level 2 of the Dungeon.
             The game lasted 00:10:08 (2311 turns).

graymark the Covered (Demonspawn Wanderer)          Turns: 2311, Time: 00:10:09

Health: 0/32       AC:  2    Str: 10    XL:     4   Next: 22%
Magic:  4/4        EV: 20    Int: 17    God:
Gold:   47         SH:  0    Dex: 17    Spells: 3/3 levels left

rFire    . . .     SeeInvis .   q - +0 hunting sling
rCold    . . .     Gourm    .   (no shield)
rNeg     . . .     Faith    .   e - +0 robe
rPois    .         Spirit   .   (no helmet)
rElec    .         Reflect  .   (no cloak)
rCorr    .         Harm     +   (no gloves)
MR       .....                  (no boots)
Stlth    +++.......             h - amulet of harm
Regen    0.1/turn               (no ring)
MPRegen  0.1/turn               (no ring)

@: agile
A: repulsion field 1, rot immunity
a: no special abilities


You were on level 2 of the Dungeon.
You were not hungry.

You visited 1 branch of the dungeon, and saw 2 of its levels.

You collected 47 gold pieces.

Inventory:

Hand Weapons
 a - a +2 dagger
 c - a +0 quarterstaff
 q - a +0 hunting sling (weapon)
 u - a +0 whip of pain
Missiles
 i - 2 needles of sleeping
 n - 9 sling bullets (quivered)
 w - 6 stones
Armour
 e - a +0 robe (worn)
Jewellery
 h - an amulet of harm (around neck)
Scrolls
 j - 2 scrolls of enchant weapon {unknown}
 k - 2 scrolls of recharging
 m - 4 scrolls of remove curse
 o - 2 scrolls of amnesia
 s - a scroll of enchant armour {unknown}
Potions
 b - 2 potions of haste
 d - a potion of lignification
 g - a potion of magic {unknown}
 p - a potion of brilliance {unknown}
 r - a potion of agility
 t - a potion of resistance
 v - a potion of curing {unknown}
Comestibles
 f - 2 bread rations


   Skills:
 - Level 1.0 Fighting
 + Level 0.8 Short Blades
 - Level 1.0(1.1) Maces & Flails
 - Level 1.0(1.1) Staves
 + Level 1.5 Slings
 - Level 2.8 Armour
 + Level 2.5 Dodging
 + Level 2.8 Stealth


You had 3 spell levels left.
You didn't know any spells.

Dungeon Overview and Level Annotations

Branches:
Dungeon (2/15)

Altars:

Annotations:
D:2 Sigmund


Innate Abilities, Weirdness & Mutations

You are surrounded by a mild repulsion field. (EV +2)
You are immune to rotting.


Message History

The sling bullet hits Sigmund but does no damage.
Sigmund is heavily wounded.
Firing (i - inventory. (,) - cycle):
n - 11 sling bullets (quivered)
Press: ? - help, Shift-Dir - straight line, f/p - Sigmund
Aim: Sigmund, wielding a scythe and wearing a robe (heavily wounded)
You shoot a sling bullet. The sling bullet hits Sigmund.
Sigmund is severely wounded.
Sigmund closely misses you.
Firing (i - inventory. (,) - cycle):
n - 10 sling bullets (quivered)
Press: ? - help, Shift-Dir - straight line, f/p - Sigmund
Aim: Sigmund, wielding a scythe and wearing a robe (severely wounded)
You shoot a sling bullet. The sling bullet hits Sigmund.
Sigmund is almost dead.
Sigmund casts a spell.
Sigmund flickers and vanishes!
Deactivating autopickup; reactivate with Ctrl-A.
You aren't carrying any items that you can evoke.
Okay, then.
Something hits you!
You die...

....# ####............ ....#
##.......###..... ....#
####.......####.#..#
...(##########...............#...
#.........##..#.........###....[
#.....<.......#.........#....
#............................
#...........................
#......(..(.(({@..........##
#......((................###.
#...@........................
#..........####........[.###
#..(<......###...........#
######..#####......♣.♣...#
#[.....#.......#..........#
########.......###♣.♣.....#
#.......# #.......#


There were no monsters in sight!

Vanquished Creatures
  Natasha (D:2)
  An adder (D:2)
  A worm (D:2)
  A dart slug (D:1)
  2 ball pythons
  9 bats
  2 giant cockroaches
  5 goblins
  4 hobgoblins
  4 jackals (D:1)
  A quokka (D:1)
  A frilled lizard (D:1)
  4 kobolds
  5 rats (D:1)
41 creatures vanquished.

Notes
Turn   | Place    | Note
-------+----------+-------------------------------------------
     0 | D:1      | graymark the Demonspawn Wanderer began the quest for the Orb.
     0 | D:1      | graymark set off with: a +2 dagger, a potion of haste, a +0 quarterstaff, a potion of lignification, a +0 robe, a bread ration
     0 | D:1      | Reached XP level 1. HP: 15/15 MP: 1/1
   151 | D:1      | Gained mutation: You are immune to rotting. [demonic ancestry]
   151 | D:1      | Reached XP level 2. HP: 21/21 MP: 2/2
   691 | D:1      | Reached skill level 1 in Slings
   691 | D:1      | Reached XP level 3. HP: 26/26 MP: 3/3
  1031 | D:2      | Noticed Sigmund
  1490 | D:2      | Noticed Natasha
  1493 | D:2      | Killed Natasha
  1744 | D:1      | Gained mutation: You are surrounded by a mild repulsion field. (EV +2) [demonic ancestry]
  1744 | D:1      | Reached XP level 4. HP: 32/32 MP: 4/4
  2311 | D:2      | Slain by Sigmund

Vault maps used:
D:1:      minmay_arrival_jagged, minmay_heptomino_l4
D:2:      led_sif_pool, first_bread, serial_forest, infiniplex_forest_lined_3,
          infiniplex_forest_lined_room_2, infiniplex_forest_lined_3,
          infiniplex_forest_corner_1, uniq_natasha, uniq_sigmund

Skill      XL: |  1  2 |
---------------+-------+-----
Stealth        | 2 |  2.8
Dodging        | 2 |  2.5
Slings         | 1 |  1.5
Fighting       | |  1.0
Short Blades   | |  0.8
Maces & Flails | |  1.0
Staves         | |  1.0
Armour         | |  2.8

Action                   |  1- 3 |  4- 6 || total
-------------------------+-------+-------++-------
Melee: Dagger            |    68 |    10 ||    78
 Fire: Hunting sling     |    42 |    21 ||    63
  Use: Scroll            |     3 |     2 ||     5
       Potion            |       |     1 ||     1
 Stab: Sleeping          |     4 |       ||     4
  Eat: Chunk             |     2 |     2 ||     4
Armor: Robe              |    14 |     4 ||    18
Dodge: Dodged            |    64 |    13 ||    77
